 Dungeon Sprint DCSS version 0.20-a0-269-g17f5411 (webtiles) character file.

261 Faca the Shield-Bearer (level 6, 7/55 HPs)
             Began as a Formicid Fighter on Dec 8, 2016.
             Was an Initiate of Okawaru.
             Quit the game in the Dungeon (Sprint IV: "Fedhas' Mad Dash").
             The game lasted 00:03:37 (1283 turns).

Faca the Shield-Bearer (Formicid Fighter)           Turns: 1283, Time: 00:03:38

Health: 7/55       AC:  8    Str: 20    XL:     6   Next: 42%
Magic:  7/7        EV:  9    Int:  8    God:    Okawaru [......]
Gold:   144        SH: 11    Dex: 12    Spells: 5/5 levels left

rFire  . . .     SeeInvis +     a - +0 war axe
rCold  . . .     Gourm    .     b - +0 scale mail
rNeg   . . .     Faith    .     c - +0 shield
rPois  .         Spirit   .     (helmet unavailable)
rElec  .         Reflect  .     (no cloak)
rCorr  .         Harm     .     (no gloves)
MR     .....                    (no boots)
Stlth  ..........               m - amulet of invisibility {+Inv}
                                (no ring)
                                (no ring)

@: quite poisoned (7 -> 3)
A: permanent stasis, dig shafts and tunnels, four strong arms, antennae 3
a: Dig, Renounce Religion, Evoke Invisibility


You were in the Dungeon.
You worshipped Okawaru.
Okawaru was noncommittal.
You were not hungry.

You visited 1 branch You collected 144 gold pieces.

Inventory:

Hand Weapons
 a - a +0 war axe (weapon)
Armour
 b - a +0 scale mail (worn)
 c - a +0 shield (worn)
Jewellery
 m - the amulet of invisibility (around neck) {+Inv}
   (You found it in the Dungeon)

   [amulet of nothing]

   It lets you turn invisible.
Potions
 d - a potion of might
 e - a potion of curing
 g - a potion of heal wounds
 i - 2 potions of magic


   Skills:
 + Level 7.6 Fighting
 + Level 6.2 Axes
 + Level 7.4 Armour
 + Level 0.3 Dodging
 + Level 7.9 Shields
 + Level 2.3 Evocations


You had 5 spell levels left.
You didn't know any spells.

Dungeon Overview and Level Annotations

Branches:
Dungeon (1/1)

Altars:
Cheibriados
Dithmenos
Elyvilon
Gozag
Hepliaklqana
Kikubaaqudgha
Makhleb
Nemelex Xobeh
Okawaru
Qazlal
Ru
Sif Muna
Trog
Uskayaw
Vehumet
Xom
Yredelemnul
Zin
The Shining One
Beogh
Jiyva
Lugonu

Shops:
D !}


Innate Abilities, Weirdness & Mutations

You cannot be hasted, slowed, berserked, paralysed or teleported.
You can dig through walls and to a lower floor.
Your four strong arms can wield two-handed weapons with a shield.
You have a pair of large antennae on your head. (SInv)


Message History

The killer bee is moderately wounded.
The killer bee stings you.
The killer bee stings you but does no damage.
The queen bee calls on the killer bee to defend it!
The killer bee goes berserk!
The queen bee calls on the killer bee to defend it!
The killer bee goes berserk!
You barely miss the killer bee.
The killer bee is moderately wounded.
The killer bee rages.
The killer bee barely misses you. The killer bee misses you.
You block the killer bee's attack. The killer bee stings you!
The killer bee barely misses you. The killer bee stings you.
You are poisoned.
The killer bee poisons you!
You feel sick. The killer bee stings you!
* * * LOW HITPOINT WARNING * * *
The killer bee stings you!
* * * LOW HITPOINT WARNING * * *
Are you sure you want to abandon this character and quit the game? (Confirm with "yes".)

###############################
#<..P#.....#.....#.⌠._._._._.⌠.
#PP..÷.....'.#...'.._._._._._..
#PPPP#.....#.#!..#..._._._._...
###############'##.._._._._._..
{ ♣.....y.yy@..#.⌠._._._._.⌠.
y....♣..y.y#...##############


.yy ♣..♣..###### + #+##### { { { { { { { You could see a queen bee and 4 killer
bees.

Vanquished Creatures
  A scorpion (D)
  4 oklob saplings (D)
  A worker ant (D)
  2 spriggans (D)
  A river rat (D)
  A rat (D)
10 creatures vanquished.

Notes
Turn   | Place    | Note
-------+----------+-------------------------------------------
     0 | D        | Faca the Formicid Fighter began the quest for the Orb.
     0 | D        | Reached XP level 1. HP: 18/18 MP: 1/1
     9 | D        | Reached XP level 2. HP: 25/25 MP: 2/2
    18 | D        | Noticed an oklob sapling
    23 | D        | Killed an oklob sapling
    23 | D        | Reached skill level 5 in Fighting
    23 | D        | Reached skill level 5 in Shields
    23 | D        | Reached XP level 3. HP: 4/33 MP: 3/3
   292 | D        | Reached skill level 5 in Armour
   292 | D        | Reached XP level 4. HP: 31/39 MP: 4/4
   401 | D        | Found an opulent altar of Gozag.
   401 | D        | Found a hazy altar of Hepliaklqana.
   401 | D        | Found a burning altar of Makhleb.
   401 | D        | Found a roughly hewn altar of Beogh.
   401 | D        | Found a sparkling altar of Nemelex Xobeh.
   401 | D        | Found a snail-covered altar of Cheibriados.
   401 | D        | Found a sacrificial altar of Ru.
   401 | D        | Found a deep blue altar of Sif Muna.
   401 | D        | Found a shimmering altar of Xom.
   401 | D        | Found a basalt altar of Yredelemnul.
   402 | D        | Found a viscous altar of Jiyva.
   402 | D        | Found a bloodstained altar of Trog.
   402 | D        | Noticed an oklob sapling priest
   411 | D        | Found an iron altar of Okawaru.
   411 | D        | Found a shadowy altar of Dithmenos.
   411 | D        | Found a glowing silver altar of Zin.
   412 | D        | Found an ancient bone altar of Kikubaaqudgha.
   412 | D        | Found a hide-covered altar of Uskayaw.
   413 | D        | Found a stormy altar of Qazlal.
   413 | D        | Found a white marble altar of Elyvilon.
   413 | D        | Found a glowing golden altar of the Shining One.
   414 | D        | Found a corrupted altar of Lugonu.
   414 | D        | Found a radiant altar of Vehumet.
   419 | D        | Killed an oklob sapling priest
   419 | D        | Reached XP level 5. HP: 16/46 MP: 2/5
   422 | D        | Became a worshipper of Warmaster Okawaru
   631 | D        | Reached skill level 1 in Evocations
   930 | D        | Reached skill level 5 in Axes
   937 | D        | Reached XP level 6. HP: 11/55 MP: 7/7
  1121 | D        | Found Meudwia's Gadget Shop.
  1121 | D        | Found Butz's Distillery.
  1158 | D        | Noticed a burning bush
  1158 | D        | Noticed a wandering mushroom
  1274 | D        | Noticed a queen bee
  1283 | D        | Quit the game

Vault maps used:
D:        dungeon_sprint_fedhas

Skill      XL: |  1  2  3  4  5  6 |
---------------+-------------------+-----
Fighting       | 4 5 6 7 |  7.6
Armour         | 4 5 6 7 |  7.4
Shields        | 4 5 6 7 |  7.9
Axes           | 3 4 5 6 |  6.2
Evocations     | 2 |  2.3
Dodging        | |  0.3

Action                   |  1- 3 |  4- 6 || total
-------------------------+-------+-------++-------
Melee: War axe           |    12 |    42 ||    54
 Abil: Evoke Invisibilit |       |     1 ||     1
  Use: Scroll            |       |     1 ||     1
       Potion            |       |     1 ||     1
  Eat: Bread ration      |       |     1 ||     1
Armor: Scale mail        |     2 |     6 ||     8
Dodge: Dodged            |       |    17 ||    17
Block: Shield            |     5 |    18 ||    23
